 Dungeon Crawl Stone Soup version 0.30.0 (webtiles) character file.

Game seed: 11356725395972836718

54 samcosmo the Grasshopper (level 3, 0/30 HPs)
             Began as a Draconian Warper on July 5, 2023.
             Slain by a cerulean imp
             ... wielding a +1 spear
             ... summoned by Natasha
              (4 damage)
             ... on level 1 of the Dungeon.
             The game lasted 00:03:30 (1042 turns).

samcosmo the Grasshopper (Draconian Warper)         Turns: 1042, Time: 00:03:32

Health: 0/30       AC:  5    Str: 15    XL:     3   Next: 66%
Magic:  2/6        EV: 12    Int: 13    God:
Gold:   30         SH:  0    Dex: 10    Spells: 1/6 levels left

rFire   . . .        a - +0 mace
rCold   . . .        (no shield)
rNeg    . . .        (body armour unavailable)
rPois   .            (helmet restricted)
rElec   .            (no cloak)
rCorr   .            (no gloves)
SInv    .            (no boots)
Will    .....        (no amulet)
Stlth   +            (no ring)
HPRegen 0.25/turn    (no ring)
MPRegen 0.10/turn

%: no passive effects
@: on blink cooldown
A: AC +5, unfitting armour, cold-blooded
a: no special abilities


You were on level 1 of the Dungeon.
You visited 1 branch of the dungeon, and saw 2 of its levels.

You collected 30 gold pieces.

Inventory:

Hand Weapons
 a - a +0 mace (weapon)
Missiles
 c - 3 boomerangs of dispersal (quivered)
Scrolls
 b - a scroll of blinking
 d - a scroll of magic mapping {unknown}
 e - a scroll of fog {unknown}
 f - 2 scrolls of identify {unknown}


   Skills:
 + Level 2.8 Fighting
 * Level 2.9 Maces & Flails
 - Level 0.8 Throwing
 - Level 2.1 Dodging
 + Level 2.4 Spellcasting
 + Level 3.3 Translocations


You had one spell level left.
You knew the following spells:

 Your Spells              Type           Power      Damage    Failure   Level
a - Blink                 Tloc           20%        N/A       10%         2
b - Vhi's Electric Charg  Tloc/Air       10%        N/A       36%         3

Your spell library contained the following spells:

 Spells                   Type           Power      Damage    Failure   Level
 Lesser Beckoning         Tloc           20%        N/A       10%         2
 Teleport Other           Tloc           10%        N/A       19%         3
 Manifold Assault         Tloc           10%        N/A       52%         4


Dungeon Overview and Level Annotations

Branches:
Dungeon (2/15)

Altars:

Annotations:
D:1 Natasha


Innate Abilities, Weirdness & Mutations

Your plain brown scales are hard. (AC +5)
You cannot fit into any form of body armour.
You are cold-blooded and may be slowed by cold attacks.


Message History

You throw a boomerang of dispersal.
The boomerang of dispersal barely misses Natasha.
The boomerang of dispersal hits the worm and shatters for extra damage.
The worm blinks!
Throw: 6 boomerangs (disperse)
Press: ? - help, Q - select action, (/) - cycle Shift-Dir - straight line, f/p - Natasha
Aim: Natasha (strong, 47% to hit)
You throw a boomerang of dispersal.
The boomerang of dispersal barely misses Natasha.
Natasha mumbles some strange words.
Throw: 5 boomerangs (disperse)
Press: ? - help, Q - select action, (/) - cycle Shift-Dir - straight line, f/p - Natasha
Aim: Natasha (strong, 47% to hit)
You throw a boomerang of dispersal.
The boomerang of dispersal barely misses Natasha.
Natasha mumbles some strange words.
Natasha howls an incantation.
Natasha shimmers violently.
Throw: 4 boomerangs (disperse)
Press: ? - help, Q - select action, (/) - cycle Shift-Dir - straight line, f/p - Natasha
Aim: Natasha (strong, 47% to hit)
You throw a boomerang of dispersal.
The boomerang of dispersal hits Natasha and shatters, but does no damage.
You feel stable enough to blink again.
Casting: Blink (safe; 10% risk of failure)
Confirm with . or Enter, or press ? or * to list all spells.
You blink.
Unknown command.
You closely miss Natasha. Natasha barely misses you.
The cerulean imp hits you from afar with a +1 spear.
* * * LOW HITPOINT WARNING * * *
The cerulean imp hits you but does no damage.
You sock Natasha! Your punch misses Natasha.
Natasha is heavily wounded.
Natasha claws you.
* * * LOW HITPOINT WARNING * * *
The cerulean imp hits you from afar with a +1 spear.
* * * LOW HITPOINT WARNING * * *
The cerulean imp hits you from afar with a +1 spear.
You die...

#....+.# #....#.###
##........######
#..............#
#...#.###.####.#
#..w...........# #
#..5#5###..#.### #
#...h.###....#######
#.>@...........†...'
#...##.###..##.#####
#...'..# #.....# #
#...######.#########
#...'..............'
#...################
#...# # #####
######### #........


You could see a worm, Natasha (strong) and 2 cerulean imps.

Vanquished Creatures
  2 adders
  A worm (D:2)
  5 endoplasms
  A giant cockroach (D:1)
  6 goblins
  A hobgoblin (D:1)
  6 ball pythons
  2 bats (D:1)
  3 frilled lizards
  3 kobolds
  A rat (D:1)
31 creatures vanquished.

Notes
Turn   | Place    | Note
-------+----------+-------------------------------------------
     0 | D:1      | samcosmo the Draconian Warper began the quest for the Orb.
     0 | D:1      | Reached XP level 1. HP: 17/17 MP: 3/3
   149 | D:1      | Reached XP level 2. HP: 25/25 MP: 5/5
   160 | D:1      | Learned a level 2 spell: Blink
   761 | D:1      | Reached XP level 3. HP: 29/30 MP: 6/6
   769 | D:2      | Learned a level 3 spell: Vhi's Electric Charge
   990 | D:2      | Noticed Natasha
  1042 | D:1      | Slain by a cerulean imp

Illustrated notes

Levels and vault maps discovered:
D:1:      dpeg_arrival_boxes_within_box, layout_basic
D:2:      layout_rooms, grunt_ministairs_14,
          nicolae_concentric_dashed_squares_wild, uniq_crazy_yiuf_cottage,
          uniq_natasha, uniq_jessica

Action                     || total
---------------------------++-------
  Melee: Mace              ||   106
         Tailslap          ||     8
         Punch             ||     2
  Throw: Boomerang         ||     4
   Cast: Blink             ||     2
 Armour: Skin              ||    37
  Dodge: Dodged            ||    81
